 Dungeon Crawl Stone Soup version 0.21-a0-215-g0631661 (webtiles) character file.

104 namelastname112 the Chopper (level 4, 0/37 HPs)
             Began as a Draconian Gladiator on Aug 22, 2017.
             Succumbed to an adder's poison
             ... on level 3 of the Dungeon.
             The game lasted 00:02:42 (1922 turns).

namelastname112 the Chopper (Draconian Gladiator)   Turns: 1922, Time: 00:02:43

Health: 0/37       AC:  5    Str: 17    XL:     4   Next: 52%
Magic:  4/4        EV: 13    Int:  8    God:
Gold:   128        SH:  0    Dex: 13    Spells: 3/3 levels left

rFire    . . .     SeeInvis .   a - +0 war axe
rCold    . . .     Gourm    .   (no shield)
rNeg     . . .     Faith    .   (armour unavailable)
rPois    .         Spirit   .   b - +0 hat
rElec    .         Reflect  .   (no cloak)
rCorr    .         Harm     .   (no gloves)
MR       .....                  (no boots)
Stlth    ..........             (no amulet)
HPRegen  0.12/turn              e - ring of loudness (curse)
MPRegen  0.09/turn              (no ring)

@: lethally poisoned (0 -> -1)
A: unfitting armour, cold-blooded, AC +5
a: no special abilities


You were on level 3 of the Dungeon.
You were not hungry.

You visited 1 branch of the dungeon, and saw 3 of its levels.

You collected 128 gold pieces.

Inventory:

Hand Weapons
 a - a +0 war axe (weapon)
Missiles
 c - 3 throwing nets (quivered)
Armour
 b - a +0 hat (worn)
Jewellery
 e - a cursed ring of loudness (left hand)
Scrolls
 g - 2 scrolls of remove curse {unknown}
 h - 2 scrolls of magic mapping {unknown}
 i - a scroll of amnesia {unknown}
 j - 2 scrolls of identify {unknown}
 k - a scroll of fog {unknown}
 l - a scroll of enchant weapon {unknown}
 n - a scroll of teleportation {unknown}
Comestibles
 d - 2 bread rations
 f - a meat ration
 m - 2 chunks of flesh


   Skills:
 + Level 2.9 Fighting
 * Level 4.6 Axes
 - Level 1.7 Throwing
 + Level 3.1 Dodging


You had 3 spell levels left.
You didn't know any spells.

Dungeon Overview and Level Annotations

Branches:
Dungeon (3/15)

Altars:

Portals:
Sewer: D:3


Innate Abilities, Weirdness & Mutations

Your plain brown scales are hard. (AC +5)
You cannot fit into any form of body armour.
You are cold-blooded and may be slowed by cold attacks.


Message History

You feel sick.
You are lethally poisoned (3 -> 0).
Your movement speed is average.
Your attack speed is below average.
There is a lethal amount of poison in your body!
There is a lethal amount of poison in your body!
There is an open door, spattered with blood here.
You see here 2 stones.
You enter the shallow water.
Moving in this stuff is going to be slow.
* * * LOW HITPOINT WARNING * * *
You feel sick.
You take 1 damage, and have 2/37 hp.
There is a glowing drain here.
* * * LOW HITPOINT WARNING * * *
You feel sick.
You take 1 damage, and have 1/37 hp.
* * * LOW HITPOINT WARNING * * *
You feel sick.
You take 1 damage, and have 1/37 hp.
You die...

##...#..####
##.###.......
#.###..#...##..#
#........#.##..#
#####.#........#
#.#.#####)#
#...#≈≈≈#.#
#####.#.#≈≈≈#.#
........#≈@≈#.#
####....#≈≈≈#.##
#..#.#≈≈≈#.[#
#....##(##..###
#.....).(......
....>....#########
.###......
.......##.
####.### .#


There were no monsters in sight!

Vanquished Creatures
  5 adders
  4 worms (D:2)
  A leopard gecko (D:3)
  A ball python (D:2)
  4 giant cockroaches
  5 goblins
  4 hobgoblins
  4 kobolds
  3 quokkas (D:2)
  5 bats
  13 rats
49 creatures vanquished.

Notes
Turn   | Place    | Note
-------+----------+-------------------------------------------
     0 | D:1      | namelastname112 the Draconian Gladiator began the quest for the Orb.
     0 | D:1      | Reached XP level 1. HP: 17/17 MP: 1/1
   393 | D:1      | Reached XP level 2. HP: 24/24 MP: 2/2
   947 | D:2      | Reached XP level 3. HP: 19/30 MP: 3/3
   959 | D:2      | Reached skill level 4 in Axes
  1484 | D:2      | Reached XP level 4. HP: 29/37 MP: 4/4
  1881 | D:3      | Found a glowing drain.
  1914 | D:3      | HP: 1/37 [poisoned by an adder]
  1922 | D:3      | Succumbed to an adder's poison

Vault maps used:
D:1:      dpeg_arrival_tiny_k
D:3:      gup_sewer_entry_glass, minmay_misc_feat_rugged, uniq_terence,
          uniq_sigmund

Skill      XL: |  1  2  3 |
---------------+----------+-----
Axes           | 4 |  4.6
Dodging        | 3 |  3.1
Fighting       | |  2.9
Throwing       | |  1.7

Action                   |  1- 3 |  4- 6 || total
-------------------------+-------+-------++-------
Melee: War axe           |    95 |    51 ||   146
       Tailslap          |     5 |     1 ||     6
  Use: Potion            |     2 |       ||     2
 Stab: Sleeping          |     1 |       ||     1
  Eat: Chunk             |     2 |     1 ||     3
Armor: Skin              |    37 |    22 ||    59
Dodge: Dodged            |    89 |    58 ||   147

Table legend:
 A = Spawn XP
 B = Non-spawn XP
 C = Spawn XP percentage of total XP
 D = Spawn monster count
 E = Non-spawn monster count
 F = Spawn count percentage of total count
 G = Total turns spent on level
                    A         B        C        D         E        F      G
               +---------+---------+-------+---------+---------+-------+---------
         Total |      10 |     139 |   6.7 |       4 |      45 |   8.2 |  1922
               +---------+---------+-------+---------+---------+-------+---------
           D:1 |       3 |      13 |  18.8 |       2 |       8 |  20.0 |   771
           D:2 |       5 |      85 |   5.6 |       1 |      25 |   3.8 |   940
           D:3 |       2 |      41 |   4.7 |       1 |      12 |   7.7 |   211
               +---------+---------+-------+---------+---------+-------+---------
